 Dungeon Crawl Stone Soup version 0.30-a0-368-g86fb4627a9 (webtiles) character file.

Game seed: 10233062087489889813

18 Maxmaps the Slasher (level 2, -1/24 HPs)
             Began as a Demonspawn Monk on Nov 20, 2022.
             Slain by a gnoll
             ... wielding a +0 flail
              (7 damage)
             ... on level 1 of the Dungeon.
             The game lasted 00:00:31 (759 turns).

Maxmaps the Slasher (Demonspawn Monk)                Turns: 759, Time: 00:00:32

Health: -1/24      AC:  3    Str: 11    XL:     2   Next: 48%
Magic:  2/2        EV: 12    Int: 11    God:
Gold:   15         SH:  0    Dex: 15    Spells: 1/1 levels left

rFire   . . .      SeeInvis .    a - +0 falchion
rCold   . . .      Faith    .    (no shield)
rNeg    . . .      Spirit   .    g - +0 leather armour
rPois   .          Reflect  .    (no helmet)
rElec   .          Harm     .    (no cloak)
rCorr   .          Rampage  .    (no gloves)
Will    .....                    (no boots)
Stlth   ++........               (no amulet)
HPRegen 0.24/turn                (no ring)
MPRegen 0.08/turn                (no ring)

@: no status effects
A: hooves 1
a: no special abilities


You were on level 1 of the Dungeon.
You visited 1 branch of the dungeon, and saw 1 of its levels.

You collected 15 gold pieces.

Inventory:

Hand Weapons
 a - a +0 falchion (weapon)
Armour
 b - a +0 robe
 g - a +0 leather armour (worn)
Scrolls
 f - 2 scrolls of noise {unknown}
 h - a scroll of poison {unknown}
Potions
 c - 2 potions of ambrosia
 d - a potion of mutation {unknown}
 e - a potion of attraction {unknown}


   Skills:
 - Level 3.0 Fighting
 + Level 3.5 Long Blades
 - Level 2.6 Dodging
 - Level 1.7 Stealth


You had one spell level left.
You didn't know any spells.
Your spell library was empty.

Dungeon Overview and Level Annotations

Branches:
Dungeon (1/15)

Altars:


Innate Abilities, Weirdness & Mutations

You have large cloven feet.


Message History

A frilled lizard comes into view.
A frilled lizard is nearby!
The frilled lizard hisses angrily.
A frilled lizard is nearby!
You hit the frilled lizard.
You kill the frilled lizard!
A kobold comes into view. It is wielding a +1 dagger of flaming.
The kobold shouts!
A gnoll comes into view. It is wielding a +0 flail.
A frilled lizard comes into view.
A kobold comes into view. It is wielding a +0 short sword.
The frilled lizard hisses angrily.
The kobold misses you.
The gnoll shouts!
The kobold shouts!
You slash the kobold!
You kill the kobold!
A bat comes into view.
The frilled lizard bites you.
You hit the gnoll. You kick the gnoll.
The gnoll is heavily wounded.
The gnoll barely misses you. The frilled lizard barely misses you.
The kobold closely misses you.
You hit the gnoll.
The gnoll is severely wounded.
The gnoll barely misses you. The frilled lizard misses you.
The kobold hits you with a +0 short sword.
You hit the gnoll but do no damage.
The gnoll is severely wounded.
The gnoll hits you with a +0 flail. The frilled lizard bites you.
The kobold hits you with a +0 short sword.
You barely miss the gnoll.
The gnoll is severely wounded.
The gnoll hits you with a +0 flail!
Ouch! That really hurt!
* * * LOW HITPOINT WARNING * * *
The frilled lizard bites you but does no damage.
The kobold closely misses you. The gnoll attacks as you move away!
The gnoll closely misses you. The gnoll attacks as you move away!
The gnoll hits you with a +0 flail!
You die...

#####.# #..... #.....###.##..
#.#.....#.#..# #.#.#.#.#.#...
######### #.#.#.#.#.#...
........# ##### #.#.#.#.#.#...
........# #...###.#.#.#.#.#...
........# #.........#...#.#...
........# #..@###.#######.#...
........# #.g.#...........#...
........###lb.#.#.............
..........K.....###.....####..
........).......#.............
................#.#.##........
................#.#.....#.....
##
######..........#.#..#.##.##..
.# #..........#.####.....#..


You could see a gnoll, a bat, a kobold and a frilled lizard.

Vanquished Creatures
  A dart slug (D:1)
  A bat (D:1)
  An endoplasm (D:1)
  3 jackals (D:1)
  A kobold (D:1)
  2 quokkas (D:1)
  A frilled lizard (D:1)
  2 goblins (D:1)
  2 rats (D:1)
14 creatures vanquished.

Notes
Turn   | Place    | Note
-------+----------+-------------------------------------------
     0 | D:1      | Maxmaps the Demonspawn Monk began the quest for the Orb.
     0 | D:1      | Reached XP level 1. HP: 18/18 MP: 1/1
   285 | D:1      | Gained mutation: You have large cloven feet. [demonic
                  | ancestry]
   285 | D:1      | Reached XP level 2. HP: 21/24 MP: 2/2
   759 | D:1      | Slain by a gnoll

Illustrated notes

Levels and vault maps discovered:
D:1:      lightli_arrival_quake, layout_basic

Skill      XL: |  1 |
---------------+----+-----
Long Blades    | 3 |  3.5
Fighting       | |  3.0
Dodging        | |  2.6
Stealth        | |  1.7

Action                   || total
-------------------------++-------
Melee: Falchion          ||    44
       Kick              ||     6
 Stab: Sleeping          ||     3
Armor: Robe              ||     5
       Leather armour    ||    13
Dodge: Dodged            ||    31

Table legend: (Time is in decaauts)
 A = Elapsed time spent in this place.
 B = Non-inter-level travel time spent in this place.
 C = Inter-level travel time spent in this place.
 D = Time resting spent in this place.
 E = Time spent auto-exploring this place.
 F = Levels seen in this place.
 G = Mean time per level.
                   A        B        C        D        E       F      G
               +--------+--------+--------+--------+--------+-----+--------+
         Total |    765 |    765 |      0 |     38 |    585 |   1 |  765.0 |
       Dungeon |    765 |    765 |      0 |     38 |    585 |   1 |  765.0 |
               +--------+--------+--------+--------+--------+-----+--------+

Top non-repeatable levels by time:
     D:1: 765 daAuts
